 Dungeon Crawl Stone Soup version 0.31-a0-221-gbddc013574 (webtiles) character file.

Game seed: 3853874670116609123

396 qw the Shooter (level 6, -4/53 HPs)
             Began as a Minotaur Hexslinger on July 4, 2023.
             Was an Initiate of Okawaru.
             Slain by Duvessa
             ... wielding a +0 short sword
              (12 damage)
             ... on level 4 of the Dungeon.
             The game lasted 00:01:24 (3969 turns).

qw the Shooter (Minotaur Hexslinger)                Turns: 3969, Time: 00:01:25

Health: -4/53      AC:  7    Str: 12    XL:     6   Next: 52%
Magic:  6/6        EV: 11    Int: 10    God:    Okawaru [......]
Gold:   182        SH:  0    Dex: 15    Spells: 6/7 levels left

rFire   . . .        Y - +2 sling
rCold   . . .        (no shield)
rNeg    . . .        i - +0 ring mail
rPois   .            (helmet restricted)
rElec   .            e - +0 cloak
rCorr   .            (no gloves)
SInv    .            l - +0 pair of boots
Will    .....        f - amulet of regeneration
Stlth   +            (no ring)
HPRegen 1.08/turn    (no ring)
MPRegen 0.10/turn

%: no passive effects
@: no status effects
A: horns 2, retaliatory headbutt
a: Renounce Religion


You were on level 4 of the Dungeon.
You worshipped Okawaru.
Okawaru was noncommittal.
You visited 2 branches of the dungeon, and saw 6 of its levels.

You collected 182 gold pieces.


Innate Abilities, Weirdness & Mutations

You have a pair of horns on your head.
You reflexively headbutt those who attack you in melee.


   Skills:
 - Level 4.7 Fighting
 + Level 6.3 Ranged Weapons
 - Level 1.0 Armour
 - Level 2.1 Dodging
 - Level 1.0 Spellcasting
 - Level 2.0 Hexes


You had 6 spell levels left.
You knew the following spells:

 Your Spells              Type           Power      Damage    Failure   Level
a - Slow                  Hex            16%        N/A       34%         1

Your spell library contained the following spells:

 Spells                   Type           Power      Damage    Failure   Level
 Inner Flame              Hex/Fire       2%         N/A       83%         3
 Portal Projectile        Hex/Tloc       4%         N/A       83%         3
 Cause Fear               Hex            2%         N/A       98%         4

Inventory:

Hand Weapons
 Y - a +2 sling (weapon)
Armour
 e - a +0 cloak (worn)
 i - a +0 ring mail (worn)
 l - a +0 pair of boots (worn)
Jewellery
 f - an amulet of regeneration (around neck)
Wands
 b - a wand of digging (7)
Scrolls
 k - a scroll of identify
Potions
 a - a potion of curing {unknown}
 c - a potion of attraction {unknown}
 d - a potion of mutation {unknown}
 g - a potion of magic {unknown}
 h - a potion of resistance {unknown}
 j - a potion of haste {unknown}

Dungeon Overview and Level Annotations

Branches:
Dungeon (5/15)             Temple (1/1) D:4

Altars:
Hepliaklqana
Kikubaaqudgha
Nemelex Xobeh
Okawaru
Qazlal
Sif Muna
Trog
Vehumet
Xom
The Shining One

Annotations:
D:2 1 runed translucent door, Crazy Yiuf
D:3 1 runed translucent door, qw's ghost, amateur GrFi
D:4 Duvessa


Message History

Done exploring.
(D) Dungeon (T) Temple
Where to? (* - list waypoints, Enter - D:5, ? - help)
What level of the Dungeon? (default 1, ? - help)
You climb downwards.
Level annotation: Dowan; Duvessa An ogre comes into view.
It is wielding a +0 giant spiked club.
Duvessa hits you but does no damage. Duvessa hits you with a +0 short sword.
Dowan hits you but does no damage.
The gnoll bouda gazes fiercely through you!
You feel your attacks grow feeble.
The ogre moves out of view.
There is a stone staircase leading up, spattered with blood here.
3963 ||| STAIRDANCE Duvessa hits you but does no damage.
Dowan gestures at you while chanting. The puff of frost hits you.
You climb upwards.
There is a stone staircase leading down, spattered with blood here.
You shoot a sling bullet. The sling bullet hits Dowan.
Dowan is almost dead.
Dowan barely misses you. Duvessa closely misses you.
You shoot a sling bullet. The sling bullet hits Dowan.
You kill Dowan!
Okawaru accepts your kill.
Duvessa weeps, and shakes her weapon.
Duvessa goes berserk!
Your attacks no longer feel as feeble.
Duvessa hits you with a +0 short sword. x2
You shoot a sling bullet. The sling bullet hits Duvessa.
Duvessa is lightly wounded.
Duvessa hits you with a +0 short sword.
You shoot a sling bullet. The sling bullet barely misses Duvessa.
Duvessa hits you with a +0 short sword!!
Duvessa closely misses you. You furiously retaliate!
You headbutt Duvessa! You shoot a sling bullet.
The sling bullet hits Duvessa but does no damage.
Duvessa is moderately wounded.
Duvessa hits you with a +0 short sword! x2
You die...

#...##.# #..P.777~~#.....
########.#.#..# ##'########.....
...........#.## #...###...#.....
.......##....### #...#.#...#.....
.....##........###...'.'...#.....
~....#..###.##...#...#.#...#.....
~~~....## #.....##...###...#.....
~~~~..#####.#############'##.....
~~~~..###...# #@)###.....##.....
~~~~..#...#.# #e###..######.....
~~~~....###.# ##.#...## #.....
~~~...#####.###....### #####.
~....##..........### #.
......#.........## ##
......#.........# #
..#.............# ########
..####..........# ####.......


You could see Duvessa (berserk).

Vanquished Creatures
  An ogre (D:4)
  A scorpion (D:4)
  Dowan (D:4)
  An orc wizard (D:3)
  7 gnolls
  2 adders
  A worm (D:3)
  3 dart slugs
  16 orcs
  4 bats
  3 endoplasms
  6 giant cockroaches
  4 goblins
  4 hobgoblins
  3 jackals (D:1)
  2 quokkas
  8 ball pythons
  2 frilled lizards
  6 kobolds
  5 rats
80 creatures vanquished.

Notes
Turn   | Place    | Note
-------+----------+-------------------------------------------
     0 | D:1      | qw the Minotaur Hexslinger began the quest for the Orb.
     0 | D:1      | Reached XP level 1. HP: 16/16 MP: 1/1
     0 | D:1      | 0 ||| qw: Version: 0.3-a-40-ge99b1a8
     0 | D:1      | 0 ||| qw: Game counter: 647
     0 | D:1      | 0 ||| qw: Melee chars always use a shield: true
     0 | D:1      | 0 ||| qw: God list: Okawaru
     0 | D:1      | 0 ||| qw: Allow faded altars: false
     0 | D:1      | 0 ||| qw: Do Orc after clearing Dungeon:15 true
     0 | D:1      | 0 ||| qw: Do second Lair branch before Depths: true
     0 | D:1      | 0 ||| qw: Lair rune preference: random
     0 | D:1      | 0 ||| qw: Goals: Normal
     0 | D:1      | 0 ||| PLANNING D:1-11
    21 | D:1      | Reached skill level 3 in Ranged Weapons
    21 | D:1      | Reached XP level 2. HP: 10/23 MP: 2/2
   150 | D:1      | Found a faded altar of an unknown god.
   341 | D:1      | Reached XP level 3. HP: 27/29 MP: 3/3
   512 | D:1      | 512 ||| UPGRADING to +0 ring mail.
   522 | D:1      | 522 ||| DROPPING +0 robe.
   523 | D:1      | 523 ||| UPGRADING to amulet of regeneration.
   528 | D:1      | 528 ||| DROPPING amulet of magic regeneration.
   529 | D:1      | 529 ||| READING scroll labelled EXKIERHOCS.
   530 | D:1      | 530 ||| DROPPING scroll of poison.
   684 | D:2      | Reached skill level 4 in Ranged Weapons
   851 | D:2      | Found a runed translucent door.
   852 | D:2      | Noticed Crazy Yiuf
  1171 | D:2      | Reached skill level 1 in Armour
  1651 | D:2      | 1651 ||| READING scroll labelled PIELUT SICE.
  1652 | D:2      | 1652 ||| READING scroll labelled CUOXU YSYMEGOSEOTZ.
  1653 | D:2      | 1653 ||| READING scroll labelled YDA IKOLAWO.
  1773 | D:3      | Found a runed translucent door.
  1773 | D:3      | Noticed a scorpion
  1776 | D:3      | Noticed qw's ghost (amateur GrFi)
  1798 | D:3      | Reached XP level 4. HP: 29/36 MP: 4/4
  2055 | D:3      | Reached skill level 5 in Ranged Weapons
  2407 | D:3      | 2407 ||| UPGRADING to +0 cloak.
  2412 | D:3      | 2412 ||| READING scroll labelled CYAHAE TOANE.
  2466 | D:4      | 2466 ||| STAIRDANCE
  2529 | D:4      | 2529 ||| STAIRDANCE
  2596 | D:4      | 2596 ||| STAIRDANCE
  2668 | D:4      | 2668 ||| STAIRDANCE
  2732 | D:4      | 2732 ||| STAIRDANCE
  2811 | D:4      | Reached XP level 5. HP: 44/44 MP: 5/5
  2827 | D:4      | Reached skill level 3 in Fighting
  2891 | D:4      | Found a staircase to the Ecumenical Temple.
  2892 | D:4      | 2892 ||| PLANNING TEMPLE
  2902 | D:4      | 2902 ||| Stepping ~*~*~tactically~*~*~ (outnumbered).
  2924 | D:4      | Reached skill level 6 in Ranged Weapons
  2924 | D:4      | 2924 ||| FLEEEEING.
  2925 | D:4      | 2925 ||| FLEEEEING.
  2926 | D:4      | 2926 ||| FLEEEEING.
  2927 | D:4      | 2927 ||| FLEEEEING.
  2928 | D:4      | 2928 ||| FLEEEEING.
  2929 | D:4      | 2929 ||| FLEEEEING.
  2930 | D:4      | 2930 ||| FLEEEEING.
  2931 | D:4      | 2931 ||| FLEEEEING.
  2932 | D:4      | 2932 ||| FLEEEEING.
  2933 | D:4      | 2933 ||| FLEEEEING.
  2934 | D:4      | 2934 ||| FLEEEEING.
  2935 | D:4      | 2935 ||| FLEEEEING.
  2936 | D:4      | 2936 ||| FLEEEEING.
  2937 | D:4      | 2937 ||| FLEEEEING.
  2938 | D:4      | 2938 ||| FLEEEEING.
  2939 | D:4      | 2939 ||| FLEEEEING.
  2940 | D:4      | 2940 ||| FLEEEEING.
  2941 | D:4      | 2941 ||| FLEEEEING.
  2942 | D:4      | 2942 ||| FLEEEEING.
  2943 | D:4      | 2943 ||| STAIRDANCE
  3006 | D:4      | 3006 ||| STAIRDANCE
  3066 | D:4      | 3066 ||| STAIRDANCE
  3126 | D:4      | 3126 ||| STAIRDANCE
  3186 | D:4      | 3186 ||| STAIRDANCE
  3246 | D:4      | 3246 ||| STAIRDANCE
  3306 | D:4      | 3306 ||| STAIRDANCE
  3420 | Temple   | Entered the Ecumenical Temple
  3434 | Temple   | 3434 ||| PLANNING D:1-11
  3794 | D:4      | Reached XP level 6. HP: 52/52 MP: 6/6
  3797 | D:4      | Found an iron altar of Okawaru.
  3798 | D:4      | 3798 ||| PLANNING OKAWARU WORSHIP
  3798 | D:4      | 3798 ||| UPGRADING to +0 pair of boots.
  3807 | D:4      | Became a worshipper of Warmaster Okawaru
  3808 | D:4      | 3808 ||| PLANNING D:1-11
  3872 | D:5      | Entered Level 5 of the Dungeon
  3874 | D:5      | Noticed Dowan
  3878 | D:5      | 3878 ||| STAIRDANCE
  3919 | D:5      | 3919 ||| STAIRDANCE
  3926 | D:5      | Noticed Duvessa
  3929 | D:5      | 3929 ||| FLEEEEING.
  3930 | D:5      | 3930 ||| STAIRDANCE
  3940 | D:5      | 3940 ||| STAIRDANCE
  3954 | D:5      | 3954 ||| STAIRDANCE
  3963 | D:5      | 3963 ||| STAIRDANCE
  3966 | D:4      | Killed Dowan
  3969 | D:4      | HP: 8/53 [Duvessa/+0 short sword (14)]
  3969 | D:4      | Slain by Duvessa

Levels and vault maps discovered:
D:1:      minmay_arrival_radiant_lines, layout_basic,
          chequers_ecumenical_altar_simple_redux
D:2:      layout_loops_corners, kennysheep_potato, uniq_crazy_yiuf_cottage
D:3:      layout_loops_ring, ebering_ghost_inner_flame
D:4:      layout_rooms, mainiacjoe_overflow_alcove_1, temple_pool_b,
          nicolae_zen_rock_garden
D:5:      cheibrodos_barr_body, layout_basic, uniq_duvessa, uniq_pikel
Temple:   hellmonk_temple_rainy

Skill      XL: |  1  2  3  4  5  6 |
---------------+-------------------+-----
Ranged Weapons | 3 4 5 6 |  6.3
Fighting       | 2 3 4 |  4.7
Armour         | 1 |  1.0
Dodging        | |  2.1
Spellcasting   | |  1.0
Hexes          | |  2.0

Action                     |  1- 3 |  4- 6 || total
---------------------------+-------+-------++-------
   Fire: Sling             |   105 |   148 ||   253
    Use: Scroll            |     4 |     1 ||     5
 Armour: Robe              |     2 |       ||     2
         Ring mail         |    13 |    33 ||    46
  Dodge: Dodged            |    32 |    71 ||   103

Table legend:
 A = Non-vault XP
 B = Vault XP
 C = Vault XP percentage of total XP
 D = Non-vault monster count
 E = Vault monster count
 F = Vault count percentage of total count
                 A         B        C        D         E       F
            +---------+---------+-------+---------+---------+-------
      Total |     495 |      72 |  12.7 |      76 |       4 |   5.0
            +---------+---------+-------+---------+---------+-------
        D:1 |      54 |       0 |   0.0 |      22 |       0 |   0.0
        D:2 |      37 |       3 |   7.5 |      15 |       3 |  16.7
        D:3 |     114 |       0 |   0.0 |      18 |       0 |   0.0
        D:4 |     290 |      69 |  19.2 |      21 |       1 |   4.5
            +---------+---------+-------+---------+---------+-------
